 Dungeon Crawl Stone Soup version 0.31-a0-1300-gb6740aa4e6 (console) character file.

Game seed: 14505422713985605624

5209 jejorda2 the Cleaver (level 10, -16/77 (82) HPs)
             Began as a Gnoll Berserker on Dec 18, 2023.
             Was a Believer of Trog.
             Demolished by a komodo dragon (21 damage)
             ... on level 10 of the Dungeon.
             The game lasted 00:20:18 (10489 turns).

jejorda2 the Cleaver (Gnoll Berserker)             Turns: 10489, Time: 00:20:19

HP:   -16/77 (82)   AC: 18    Str: 21    XL:     10   Next: 61%
MP:   18/18         EV:  8    Int:  7    God:    Trog [**....]
Gold: 406           SH:  0    Dex: 11    Spells: 20/20 levels left

rFire   . . .        a - +0 battleaxe
rCold   . . .        (shield currently unavailable)
rNeg    . . .        j - +0 plate armour
rPois   .            (no helmet)
rElec   .            r - +0 cloak
rCorr   .            H - +1 pair of gloves
SInv    +            q - +0 pair of boots
Will    .....        (no amulet) Stlth
                     i - ring of see invisible
HPRegen 0.32/turn    (no ring)
MPRegen 0.16/turn

%: no passive effects
@: drained
A: fangs 1, strong nose, distributed training
a: Renounce Religion, Berserk, Trog's Hand


You were on level 10 of the Dungeon.
You worshipped Trog.
Trog was pleased with you.
You visited 1 branch of the dungeon, and saw 10 of its levels.

You collected 406 gold pieces.

Inventory:

Hand Weapons
 a - a +0 battleaxe (weapon)
 b - the +6 mace of the Hidden Vale {heavy, rPois Str+2}
   (You found it on level 8 of the Dungeon)

   Str+2:     It affects your strength (+2).
   rPois:     It protects you from poison
 n - the +1 falchion of Fear {venom, +Blink rN+}
   (You found it on level 2 of the Dungeon)

   rN+:       It protects you from negative energy.
   +Blink:    It lets you blink.
Missiles
 s - 8 boomerangs
 I - 10 poisoned darts (quivered)
Armour
 j - a +0 plate armour (worn)
 q - a +0 pair of boots (worn)
 r - a +0 cloak (worn)
 H - a +1 pair of gloves (worn)
Jewellery
 i - a ring of see invisible (left hand)
 m - a ring of fire
Wands
 u - a wand of flame (12)
 E - a wand of digging (5)
 F - a wand of mindburst (8)
Scrolls
 c - a scroll of summoning
 e - 2 scrolls of fear
 f - a scroll of immolation
 h - 3 scrolls of poison
 p - a scroll of fog
 D - 2 scrolls of enchant weapon
Potions
 d - 2 potions of cancellation {unknown}
 g - a potion of heal wounds {unknown}
 o - 2 potions of curing
 t - 3 potions of invisibility
 A - a potion of lignification
 B - 3 potions of enlightenment
 C - a potion of haste
 G - a potion of ambrosia {unknown}


   Skills:
 + Level 8.7 Fighting
 + Level 5.5 Short Blades
 + Level 5.5 Long Blades
 + Level 8.7 Axes
 + Level 5.5 Maces & Flails
 + Level 5.5 Polearms
 + Level 5.5 Staves
 + Level 5.5 Ranged Weapons
 + Level 5.5 Throwing
 + Level 7.3 Armour
 + Level 7.3 Dodging
 + Level 5.5 Stealth
 + Level 5.5 Shields
 + Level 5.5 Unarmed Combat
 + Level 5.5 Spellcasting
 + Level 4.5 Conjurations
 + Level 4.5 Hexes
 + Level 4.5 Summonings
 + Level 4.5 Necromancy
 + Level 4.5 Translocations
 + Level 4.5 Transmutations
 + Level 4.5 Fire Magic
 + Level 4.5 Ice Magic
 + Level 4.5 Air Magic
 + Level 4.5 Earth Magic
 + Level 4.5 Poison Magic
 + Level 6.1 Invocations
 + Level 5.5 Evocations
 + Level 5.0 Shapeshifting


You had 20 spell levels left.
You didn't know any spells.
Your spell library was empty.

Dungeon Overview and Level Annotations

Branches:
Dungeon (10/15)            Temple (0/1) D:7
   Lair: D:8-11         Orc: D:9-12

Altars:
Ashenzari
Cheibriados
Dithmenos
Elyvilon
Gozag
Hepliaklqana
Makhleb
Nemelex Xobeh
Sif Muna
Trog
Wu Jian
Xom


Innate Abilities, Weirdness & Mutations

You have very sharp teeth.
Your uncanny sense of smell can sniff out nearby items.
Your experience applies equally to all skills.


Message History

The komodo dragon looks as sick as possible!
The komodo dragon is lightly wounded.
You throw a poisoned dart.
The poisoned dart hits the komodo dragon!
The komodo dragon looks as sick as possible!
The komodo dragon is lightly wounded.
You barely miss the komodo dragon.
You bite the komodo dragon, but do no damage.
The komodo dragon is lightly wounded.
The komodo dragon bites you.
You closely miss the komodo dragon.
You bite the komodo dragon, but do no damage.
The komodo dragon is lightly wounded.
The komodo dragon bites you but does no damage. x2
You hit the komodo dragon.
You bite the komodo dragon, but do no damage.
The komodo dragon is lightly wounded.
The komodo dragon bites you but does no damage.
You closely miss the komodo dragon.
The komodo dragon is lightly wounded.
The komodo dragon bites you!
You hit the komodo dragon. Your bite misses the komodo dragon.
The komodo dragon is moderately wounded.
The komodo dragon bites you! x2
You are too injured to fight recklessly!
You are too injured to fight recklessly!
You are too injured to fight recklessly!
You are too injured to fight recklessly!
You hit the komodo dragon but do no damage.
The komodo dragon is moderately wounded.
The komodo dragon bites you!!
* * * LOW HITPOINT WARNING * * *
You barely miss the komodo dragon.
The komodo dragon is moderately wounded.
The komodo dragon bites you!
* * * LOW HITPOINT WARNING * * *
You barely miss the komodo dragon.
The komodo dragon is moderately wounded.
The komodo dragon bites you!!
You die...

.#######.##.#####.#.##
.........###..#..###.#
. .#######.#
##..#####.# .. #.#
##.# #... ...##
##.####.## ##.##
.....####.......#
##..##
.......#..####..#
#..### .........##
##.###...#. .......@.#
#......... ......l..#
##........ .....(...#
###...... ....(....#
##..... #..(.....#
####.. #........# #...
##.......# ##..
.^...#### #.# +.#


You could see a komodo dragon (very poisoned).

Vanquished Creatures
  A troll (D:9)
  Prince Ribbit (D:4)
  A hornet (D:9)
  3 yaks (D:9)
  3 wyverns
  A steam dragon (D:8)
  An acid dragon (D:9)
  2 orc warriors
  A sky beast (D:7)
  A black bear (D:7)
  2 ice beasts
  3 centaurs
  3 phantoms
  A kobold brigand (D:9)
  A gnoll sergeant (D:6)
  2 scorpions
  10 wights
  10 killer bees
  A howler monkey (D:8)
  A crimson imp (D:4)
  3 hounds
  3 jellies
  7 orc priests
  3 iguanas
  2 sleepcaps
  12 orc wizards
  8 gnolls
  4 adders
  2 dart slugs
  22 orcs
  11 endoplasms
  2 giant cockroaches (D:2)
  7 hobgoblins
  2 jackals (D:1)
  3 quokkas (D:4)
  3 ball pythons
  8 bats
  3 frilled lizards
  8 goblins
  11 kobolds
  4 rats
177 creatures vanquished.

Vanquished Creatures (collateral kills)
  A steam dragon (D:7)
1 creature vanquished.

Vanquished Creatures (others)
  A wight (D:8)
  A white imp (D:7)
2 creatures vanquished.

Grand Total: 180 creatures vanquished

Notes
Turn   | Place    | Note
-------+----------+-------------------------------------------
     0 | D:1      | jejorda2 the Gnoll Berserker began the quest for the Orb.
     0 | D:1      | Reached XP level 1. HP: 23/23 MP: 1/1
   275 | D:1      | Reached XP level 2. HP: 27/29 MP: 2/2
   733 | D:1      | Reached XP level 3. HP: 35/35 MP: 3/3
  1178 | D:2      | Reached skill level 1 in Invocations
  1186 | D:2      | Identified the +2 flail of Annihilation {chaos, rF+ rCorr}
  1219 | D:2      | Reached ** piety under Trog
  1304 | D:2      | Reached skill level 1 in Short Blades
  1304 | D:2      | Reached skill level 1 in Long Blades
  1304 | D:2      | Reached skill level 1 in Maces & Flails
  1304 | D:2      | Reached skill level 1 in Polearms
  1304 | D:2      | Reached skill level 1 in Staves
  1304 | D:2      | Reached skill level 1 in Ranged Weapons
  1304 | D:2      | Reached skill level 1 in Throwing
  1304 | D:2      | Reached skill level 1 in Stealth
  1304 | D:2      | Reached skill level 1 in Shields
  1304 | D:2      | Reached skill level 1 in Unarmed Combat
  1304 | D:2      | Reached skill level 1 in Spellcasting
  1304 | D:2      | Reached skill level 1 in Evocations
  1643 | D:2      | Identified the +1 falchion of Fear {venom, +Blink rN+}
  1889 | D:3      | Reached XP level 4. HP: 41/41 MP: 5/5
  2116 | D:3      | Reached skill level 1 in Shapeshifting
  2684 | D:4      | Noticed an ice beast
  2690 | D:4      | Killed an ice beast
  2691 | D:4      | Reached skill level 1 in Conjurations
  2691 | D:4      | Reached skill level 1 in Hexes
  2691 | D:4      | Reached skill level 1 in Summonings
  2691 | D:4      | Reached skill level 1 in Necromancy
  2691 | D:4      | Reached skill level 1 in Translocations
  2691 | D:4      | Reached skill level 1 in Transmutations
  2691 | D:4      | Reached skill level 1 in Fire Magic
  2691 | D:4      | Reached skill level 1 in Ice Magic
  2691 | D:4      | Reached skill level 1 in Air Magic
  2691 | D:4      | Reached skill level 1 in Earth Magic
  2691 | D:4      | Reached skill level 1 in Poison Magic
  2691 | D:4      | Reached XP level 5. HP: 47/47 MP: 5/7
  3013 | D:4      | Found a shimmering altar of Xom.
  3013 | D:4      | Found a burning altar of Makhleb.
  3276 | D:4      | Reached XP level 6. HP: 50/53 MP: 8/8
  3377 | D:5      | Entered Level 5 of the Dungeon
  3377 | D:5      | Noticed Prince Ribbit
  3396 | D:4      | Killed Prince Ribbit
  3397 | D:4      | Reached skill level 5 in Armour
  3397 | D:4      | Reached skill level 5 in Dodging
  3397 | D:4      | Reached XP level 7. HP: 8/59 MP: 8/10
  4991 | D:6      | Reached XP level 8. HP: 67/67 MP: 12/12
  6147 | D:6      | Found a broken altar of Ashenzari.
  6598 | D:7      | Found a sparkling altar of Nemelex Xobeh.
  6848 | D:7      | Found a staircase to the Ecumenical Temple.
  6854 | D:7      | Reached XP level 9. HP: 73/73 MP: 14/14
  7204 | D:7      | Found an ornate altar of the Wu Jian Council.
  7206 | D:7      | Found a hazy altar of Hepliaklqana.
  7207 | D:7      | Found a snail-covered altar of Cheibriados.
  7214 | D:7      | Found a shadowy altar of Dithmenos.
  7217 | D:7      | Found an opulent altar of Gozag.
  7219 | D:7      | Found a white marble altar of Elyvilon.
  7269 | D:7      | Found a bloodstained altar of Trog.
  7270 | D:7      | Found a shimmering blue altar of Sif Muna.
  7863 | D:8      | Identified the +6 mace of the Hidden Vale {heavy, rPois
                  | Str+2}
  8090 | D:7      | Reached skill level 5 in Invocations
  8856 | D:9      | Reached XP level 10. HP: 37/68 MP: 17/17
  8857 | D:9      | Reached skill level 5 in Short Blades
  8857 | D:9      | Reached skill level 5 in Long Blades
  8857 | D:9      | Reached skill level 5 in Maces & Flails
  8857 | D:9      | Reached skill level 5 in Polearms
  8857 | D:9      | Reached skill level 5 in Staves
  8857 | D:9      | Reached skill level 5 in Ranged Weapons
  8857 | D:9      | Reached skill level 5 in Throwing
  8857 | D:9      | Reached skill level 5 in Stealth
  8857 | D:9      | Reached skill level 5 in Shields
  8857 | D:9      | Reached skill level 5 in Unarmed Combat
  8857 | D:9      | Reached skill level 5 in Spellcasting
  8857 | D:9      | Reached skill level 5 in Evocations
  9023 | D:9      | HP: 2/78 [poisoned by a killer bee]
  9266 | D:9      | Paralysed by a hornet for 2 turns
  9836 | D:9      | Reached skill level 5 in Shapeshifting
 10289 | D:10     | Entered Level 10 of the Dungeon
 10489 | D:10     | Demolished by a komodo dragon

Illustrated notes

Levels and vault maps discovered:
D:1:      dpeg_arrival_three_same_balls, layout_basic, minmay_misc_feat_columns,
          chequers_big_river, nicolae_figureground_pulse
D:2:      layout_loops_ring, kennysheep_generic_room_14
D:3:      layout_basic, kennysheep_another_room
D:4:      layout_gridville, grunt_temple_overflow_champion_of_chaos
D:5:      layout_basic, grunt_ministairs_15, uniq_prince_ribbit1
D:6:      layout_gridville, marbit_many_paths
D:7:      layout_rooms, mainiacjoe_overflow_alcove_2,
          nicolae_overflow_hallway_of_the_gods, minmay_temple_entry_junction,
          minmay_a_box_with_orc_wizards_in_it
D:8:      layout_cave_pools
D:9:      layout_gridville
D:10:     cheibrodos_orc_bank, layout_layer_cave, kennysheep_vampire_church,
          erik_lair_island, minmay_lizard_king

Skill      XL: |  1  2  3  4  5  6  7  8  9 10 |
---------------+-------------------------------+-----
Invocations    | 1 2 3 4 5 6 |  6.1
Short Blades   | 1 2 3 4 5 |  5.5
Long Blades    | 1 2 3 4 5 |  5.5
Maces & Flails | 1 2 3 4 5 |  5.5
Polearms       | 1 2 3 4 5 |  5.5
Staves         | 1 2 3 4 5 |  5.5
Ranged Weapons | 1 2 3 4 5 |  5.5
Throwing       | 1 2 3 4 5 |  5.5
Stealth        | 1 2 3 4 5 |  5.5
Shields        | 1 2 3 4 5 |  5.5
Unarmed Combat | 1 2 3 4 5 |  5.5
Spellcasting   | 1 2 3 4 5 |  5.5
Evocations     | 1 2 3 4 5 |  5.5
Shapeshifting  | 1 2 3 4 5 |  5.0
Conjurations   | 1 2 3 4 |  4.5
Hexes          | 1 2 3 4 |  4.5
Summonings     | 1 2 3 4 |  4.5
Necromancy     | 1 2 3 4 |  4.5
Translocations | 1 2 3 4 |  4.5
Transmutations | 1 2 3 4 |  4.5
Fire Magic     | 1 2 3 4 |  4.5
Ice Magic      | 1 2 3 4 |  4.5
Air Magic      | 1 2 3 4 |  4.5
Earth Magic    | 1 2 3 4 |  4.5
Poison Magic   | 1 2 3 4 |  4.5
Armour         | 5 6 7 |  7.3
Dodging        | 5 6 7 |  7.3
Fighting       | 7 8 |  8.7
Axes           | 7 8 |  8.7

Action                     |  1- 3 |  4- 6 |  7- 9 | 10-12 || total
---------------------------+-------+-------+-------+-------++-------
  Melee: Hand axe          |    94 |    84 |   328 |       ||   506
         Bite              |     8 |     4 |    47 |    13 ||    72
         Punch             |       |     1 |    12 |       ||    13
         Mace              |       |       |    45 |     5 ||    50
         Battleaxe         |       |       |       |   104 ||   104
  Throw: Dart              |       |       |       |     4 ||     4
 Invoke: Berserk           |     1 |     3 |    16 |     5 ||    25
         Trog's Hand       |       |     1 |     6 |       ||     7
  Evoke: Wand              |       |       |       |     4 ||     4
    Use: Scroll            |       |       |    19 |       ||    19
         Potion            |       |       |       |     3 ||     3
 Armour: Chain mail        |    58 |    54 |   363 |   138 ||   613
         Plate armour      |       |       |       |    29 ||    29
  Dodge: Dodged            |    31 |    25 |   216 |   122 ||   394

Table legend: (Time is in decaauts)
 A = Elapsed time spent in this place.
 B = Non-inter-level travel time spent in this place.
 C = Inter-level travel time spent in this place.
 D = Time resting spent in this place.
 E = Time spent auto-exploring this place.
 F = Levels seen in this place.
 G = Mean time per level.
                   A        B        C        D        E       F      G
               +--------+--------+--------+--------+--------+-----+--------+
         Total |  10800 |  10483 |    317 |   1737 |   7199 |  10 | 1080.0 |
       Dungeon |  10800 |  10483 |    317 |   1737 |   7199 |  10 | 1080.0 |
               +--------+--------+--------+--------+--------+-----+--------+

Top non-repeatable levels by time:
     D:7: 1835 daAuts
     D:6: 1440 daAuts
     D:5: 1436 daAuts
     D:9: 1165 daAuts
     D:1: 1095 daAuts
     D:8: 1075 daAuts
     D:4: 1050 daAuts
     D:3: 757 daAuts
     D:2: 739 daAuts
    D:10: 204 daAuts
